 Dungeon Crawl Stone Soup version 0.17.0-7-gfadd4cc (console) character file.

2 gw the Caller (level 1, 0/10 HPs)
             Began as a Kobold Summoner on Nov 8, 2015.
             Slain by a goblin
             ... wielding a cursed -1 club
              (1 damage)
             ... on level 1 of the Dungeon.
             The game lasted 00:00:53 (102 turns).

gw the Caller (Kobold Summoner)                      Turns: 102, Time: 00:00:53

Health: 0/10       AC:  2    Str:  6    XL:     1   Next: 44%
Magic:  0/3        EV: 15    Int: 13    God:
Gold:   23         SH:  0    Dex: 16    Spells: 1 memorised, 3 levels left

rFire  . . .     SeeInvis .     (weapon restricted)
rCold  . . .     Clarity  .     a - +0 robe
rNeg   . . .     SustAt   .     (shield restricted)
rPois  .         Gourm    .     (no helmet)
rElec  .         Spirit   .     (no cloak)
rCorr  .         Warding  .     (no gloves)
rMut   .         Stasis   .     (no boots)
MR     .....                    (no amulet)
Stlth  ++........               (no ring)
                                (no ring)

@: not resistant to hostile enchantments, unstealthy
A: carnivore 3
a: no special abilities


You were on level 1 of the Dungeon.
You were completely stuffed.

You visited 1 branch of the dungeon, and saw 1 of its levels.

You collected 23 gold pieces.

Inventory:

Armour
 a - a +0 robe (worn)
 c - a +0 leather armour
Books
 b - a book of Callings

   Spells                             Type                      Level
   a - Summon Small Mammal            Summoning                    1
   b - Call Imp                       Summoning                    2
   c - Call Canine Familiar           Summoning                    3
   d - Summon Guardian Golem          Hexes/Summoning              3
   e - Summon Lightning Spire         Summoning/Air                4
   f - Summon Ice Beast               Ice/Summoning                4


   Skills:
 + Level 0.2 Fighting
 + Level 0.2 Throwing
 + Level 2.6 Dodging
 - Level 2.6 Stealth
 - Level 2.0 Spellcasting
 - Level 4.0 Summonings


You had 3 spell levels left.
You knew the following spells:

 Your Spells              Type           Power        Failure   Level  Hunger
a - Summon Small Mammal   Summ           ##..         6%          1    ##.....


Dungeon Overview and Level Annotations

Branches:
Dungeon (1/15)

Altars:


Innate Abilities, Weirdness & Mutations

You are small and have problems with some larger weapons.
You are carnivorous and can eat meat at any time.


Message History

Confirm with . or Enter, or press ? or * to list all spells.
The ooze barely misses you.
A giant cockroach comes into view.
You're too full to eat anything.
The ooze hits you.
There isn't anything here!
Unknown command.
Unknown command.
Unknown command.
MOVING TO (2,-3)
A goblin comes into view. It is wielding a dagger.
The ooze hits you.
Unknown command.
Unknown command.
Unknown command.
Casting: Summon Small Mammal
Confirm with . or Enter, or press ? or * to list all spells.
Your rat barely misses the goblin.
The goblin hits you with a club. The goblin hits you with a club.
You die...

### ..# #.# # #.#
.####. #.#
.....b###.##
.......Kg..##
###..srgJ..[#
#..####...#
....g.......#
..g..####...######
.. ....$.........#
. ...####...###..#
...###....# #
..........#


You could see an ooze, a giant cockroach, 3 goblins, a friendly bat and a
friendly rat.

Table legend:
 A = Turns spent in this place as a percentage of turns spent in the entire game.
 B = Non-inter-level travel turns spent in this place as a percentage of non-inter-level travel turns spent in the entire game.
 C = Inter-level travel turns spent in this place as a percentage of turns spent in this place.
 D = Turns resting spent in this place as a percentage of non-inter-level travel turns spent in this place.
 E = Turns spent auto-exploring this place as a percentage of non-inter-level travel turns spent in this place.
 F = Non-inter-level travel turns spent in this place divided by the number of levels of this place that you've seen.
                   A       B       C       D       E      F
               +-------+-------+-------+-------+-------+----------------------
         Total | 100.0 | 100.0 |   0.0 |   0.0 |   1.0 | 488.0
       Dungeon | 100.0 | 100.0 |   0.0 |   0.0 |   1.0 | 488.0
               +-------+-------+-------+-------+-------+----------------------

Table legend:
 A = Kills in this place as a percentage of kills in entire the game.
 B = Kills by you in this place as a percentage of kills by you in the entire game.
 C = Kills by friends in this place as a percentage of kills by friends in the entire game.
 D = Other kills in this place as a percentage of other kills in the entire game.
 E = Experience gained in this place as a percentage of experience gained in the entire game.
 F = Experience gained in this place divided by the number of levels of this place that you have seen.
                   A       B       C       D       E      F
               +-------+-------+-------+-------+-------+----------------------
         Total | 100.0 |  -nan | 100.0 |  -nan | 100.0 |   4.0
       Dungeon | 100.0 |  -nan | 100.0 |  -nan | 100.0 |   4.0
               +-------+-------+-------+-------+-------+----------------------

Vanquished Creatures (collateral kills)
  An ooze (D:1)
  A giant cockroach (D:1)
2 creatures vanquished.

Notes
Turn   | Place    | Note
--------------------------------------------------------------
     0 | D:1      | gw the Kobold Summoner began the quest for the Orb.
     0 | D:1      | Reached XP level 1. HP: 10/10 MP: 3/3
   102 | D:1      | Slain by a goblin

Action                   || total
-------------------------++-------
 Cast: Summon Small Mamm ||    11
  Eat: Meat ration       ||     1

Vault maps used:
D:1:      ldierk_walled_garden
